 Dungeon Crawl Stone Soup version 0.24.1-11-gbbbb2193e6 (webtiles) character file.

Game seed: 4185709885732347370, levelgen mode: deterministic

30390 Gruesph the Thaumaturge (level 13, -6/99 HPs)
             Began as a Gnoll Wanderer on May 14, 2020.
             Was a High Priest of Cheibriados.
             Mangled by a fire crab (7 damage)
             ... on level 6 of the Lair of Beasts.
             The game lasted 00:41:38 (19452 turns).

Gruesph the Thaumaturge (Gnoll Wanderer)           Turns: 19452, Time: 00:41:38

Health: -6/99      AC: 16    Str: 32    XL:     13   Next: 51%
Magic:  26/26      EV: 18    Int: 25    God:    Cheibriados [*****.]
Gold:   491        SH:  0    Dex: 34    Spells: 31/31 levels left

rFire    + . .     SeeInvis +   b - +4 scimitar (flame)
rCold    . . .     Gourm    .   (no shield)
rNeg     . . .     Faith    .   B - +0 plate armour
rPois    .         Spirit   .   u - +1 helmet
rElec    .         Reflect  .   H - scarf {repulsion}
rCorr    .         Harm     .   (no gloves)
MR       .....                  (no boots)
Stlth    +.........             (no amulet)
HPRegen  0.26/turn              n - ring of protection from fire
MPRegen  0.20/turn              P - ring of see invisible

@: lethally poisoned (-6 -> -37), repel missiles, very slow
A: distributed training, fangs 1, strong nose
a: Bend Time, Temporal Distortion, Slouch, Step From Time, Renounce Religion


You were on level 6 of the Lair of Beasts.
You worshipped Cheibriados.
Cheibriados was extremely pleased with you.
You were not hungry.

You visited 3 branches of the dungeon, and saw 15 of its levels.

You collected 754 gold pieces.
You spent 263 gold pieces at shops.

Inventory:

Hand Weapons
 b - a +4 scimitar of flaming (weapon)
Missiles
 e - 155 arrows
 g - 199 stones (quivered)
 l - 13 javelins
 q - 3 curare-tipped darts
 s - 25 poisoned darts
 A - 2 throwing nets
Armour
 u - a +1 helmet (worn)
 B - a +0 plate armour (worn)
 H - a scarf of repulsion (worn)
Jewellery
 n - a ring of protection from fire (left hand)
 P - a ring of see invisible (right hand)
Wands
 d - a wand of iceblast (14)
 j - a wand of enslavement (9)
 z - a wand of polymorph (28)
 C - a wand of clouds (2)
 E - a wand of acid (6)
 I - a wand of digging (4)
 J - a wand of flame (6)
Scrolls
 i - 3 scrolls of identify
 k - 5 scrolls of amnesia
 r - 4 scrolls of remove curse
 t - 7 scrolls of teleportation
 w - a scroll of summoning
 y - 3 scrolls of fog
 F - a scroll of enchant armour
 K - 2 scrolls of enchant weapon
 Q - a scroll of magic mapping
Potions
 a - a potion of cancellation
 c - 4 potions of curing
 h - 4 potions of heal wounds
 m - a potion of flight
 o - 4 potions of invisibility
 p - 2 potions of magic
 x - 2 potions of brilliance
 D - a potion of agility
 N - a potion of lignification
 O - a potion of resistance
Miscellaneous
 L - a lamp of fire
 M - a lightning rod (3/4)
Comestibles
 f - 18 rations


   Skills:
 + Level 8.6 Fighting
 + Level 9.4 Short Blades
 + Level 8.2 Long Blades
 + Level 8.2 Axes
 + Level 8.2 Maces & Flails
 + Level 8.2 Polearms
 + Level 8.2 Staves
 + Level 8.2 Slings
 + Level 8.2 Bows
 + Level 8.2 Crossbows
 + Level 8.6 Throwing
 + Level 8.2 Armour
 + Level 9.4 Dodging
 + Level 8.6 Stealth
 + Level 8.2 Shields
 + Level 8.2 Unarmed Combat
 + Level 9.6 Spellcasting
 + Level 6.8 Conjurations
 + Level 6.8 Hexes
 + Level 7.2 Charms
 + Level 6.8 Summonings
 + Level 6.8 Necromancy
 + Level 6.8 Translocations
 + Level 6.8 Transmutations
 + Level 6.8 Fire Magic
 + Level 6.8 Ice Magic
 + Level 6.8 Air Magic
 + Level 6.8 Earth Magic
 + Level 6.8 Poison Magic
 + Level 9.0 Invocations
 + Level 8.2 Evocations


You had 31 spell levels left.
You didn't know any spells.
Your spell library contained the following spells:

 Spells                   Type           Power        Failure   Level  Hunger
 Sandblast                Erth           #####.       2%          1    None
 Recall                   Summ/Tloc      N/A          6%          3    None
 Stone Arrow              Conj/Erth      #####.       6%          3    None
 Aura of Abjuration       Summ           #####.....   52%         5    ####...
 Summon Demon             Summ           #####.....   52%         5    ####...
 Summon Forest            Summ/Tloc      #####.....   52%         5    ####...
 Summon Mana Viper        Hex/Summ       #####...     52%         5    ####...
 Shadow Creatures         Summ           N/A          97%         6    ######.


Dungeon Overview and Level Annotations

Branches:
Dungeon (8/15)             Temple (1/1) D:5            Lair (6/6) D:8
 Shoals (0/4) Lair:4       Spider (0/4) Lair:3        Slime (0/5) Lair:5

Altars:
Ashenzari
Cheibriados
Dithmenos
Elyvilon
Fedhas
Gozag
Hepliaklqana
Kikubaaqudgha
Makhleb
Nemelex Xobeh
Okawaru
Qazlal
Ru
Sif Muna
Trog
Uskayaw
Vehumet
Wu Jian
Xom
Yredelemnul
Zin
The Shining One

Shops:
D:6 ?

Annotations:
Lair:2 3 runed translucent doors, CrazyMind's ghost, journeyman SpEn
Lair:5 exclusion: oklob plant


Innate Abilities, Weirdness & Mutations

Your experience applies equally to all skills.
You have very sharp teeth.
Your uncanny sense of smell can sniff out nearby items.


Message History

You are engulfed in flames.
You resist.
* * * LOW HITPOINT WARNING * * *
The fire crab completely misses you. The black mamba completely misses you.
The fire crab completely misses you.
You riposte.
You hit the fire crab but do no damage.
The fire crab claws you but does no damage.
Evoke which item? (* to show all) (? for menu, Esc to quit)
Aiming: Enslavement
Press: ? - help, Shift-Dir - straight line, f - black mamba
Aim: a black mamba (heavily wounded, chance to defeat MR: 69%)
The black mamba struggles to resist.
* * * LOW HITPOINT WARNING * * *
You feel sick. The black mamba misses you.
You riposte.
You slice the black mamba!! You burn the black mamba.
You kill the black mamba!
Cheibriados thoroughly appreciates the change of pace.
The fire crab misses you. The fire crab claws you.
* * * LOW HITPOINT WARNING * * *
You are engulfed in flames!
You resist.
You die...

............
..........##
...........#
..........P#
######....P##
## ####...#
.#.## ##..##
.....##..t#
.......#@.#
........##
#.....#..#
####.#..##
.###.#.).#
.........##
..........#
..........#
..........#


You could see a fire crab.

Vanquished Creatures
  Kirke (Lair:5)
  Harold (D:8)
  4 hydras
  Erica (D:8)
  Pikel (D:6)
  A wolf spider (Lair:6)
  An oklob plant (Lair:5)
  3 elephants (Lair:5)
  Maurice (D:8)
  4 black mambas
  4 komodo dragons
  6 rime drakes
  8 spiny frogs
  4 jumping spiders (Lair:3)
  A hornet (Lair:6)
  A snapping turtle (Lair:4)
  15 blink frogs
  9 hippogriffs
  5 redbacks
  10 wyverns (Lair:6)
  11 yaks
  A hog (Lair:5)
  A basilisk (Lair:4)
  2 wargs (D:7)
  9 porcupines
  10 water moccasins
  An orc warrior (D:8)
  3 sky beasts
  An eye of draining (D:8)
  2 centaurs
  2 ogres
  10 wolves
  5 crocodiles
  13 bullfrogs
  A howler monkey (D:5)
  3 electric eels (Lair:4)
  3 crimson imps
  2 bullfrog zombies
  4 orc priests
  7 hounds
  7 orc wizards
  An iguana (D:7)
  7 worker ants
  Terence (D:3)
  3 worker ant zombies
  A howler monkey zombie (D:5)
  10 gnolls
  2 howler monkey skeletons
  11 adders
  A shadow imp (D:5)
  An ooze (D:2)
  An adder skeleton (D:5)
  2 dart slugs
  2 worms
  6 leopard geckos
  25 orcs
  6 bats
  7 giant cockroaches
  4 goblins
  6 hobgoblins
  6 jackals
  4 kobolds
  6 quokkas
  2 ball pythons
  2 frilled lizards
  A jackal skeleton (D:4)
  A quokka zombie (D:5)
  6 rats
  A bush (Lair:5)
305 creatures vanquished.

Vanquished Creatures (others)
  2 humans (Lair:6)
  A water moccasin (Lair:6)
  A leopard gecko (D:6)
  19 fungi
  25 plants (Lair:6)
48 creatures vanquished.

Grand Total: 353 creatures vanquished

Notes
Turn   | Place    | Note
-------+----------+-------------------------------------------
     0 | D:1      | Gruesph the Gnoll Wanderer began the quest for the Orb.
     0 | D:1      | Gruesph set off with the following items: a +2 dagger, 3
                  | curare-tipped darts, a +0 robe, a ration; and the following
                  | spell memorised: Sandblast; and the following spells
                  | available to memorise: Stone Arrow
     0 | D:1      | Reached XP level 1. HP: 17/17 MP: 6/6
   429 | D:1      | Reached XP level 2. HP: 22/23 MP: 7/7
   985 | D:2      | Reached skill level 5 in Spellcasting
   985 | D:2      | Reached XP level 3. HP: 28/28 MP: 4/9
  1078 | D:1      | Reached skill level 1 in Invocations
  1340 | D:1      | Reached skill level 1 in Long Blades
  1340 | D:1      | Reached skill level 1 in Axes
  1340 | D:1      | Reached skill level 1 in Maces & Flails
  1340 | D:1      | Reached skill level 1 in Polearms
  1340 | D:1      | Reached skill level 1 in Staves
  1340 | D:1      | Reached skill level 1 in Slings
  1340 | D:1      | Reached skill level 1 in Bows
  1340 | D:1      | Reached skill level 1 in Crossbows
  1340 | D:1      | Reached skill level 1 in Armour
  1340 | D:1      | Reached skill level 1 in Shields
  1340 | D:1      | Reached skill level 1 in Unarmed Combat
  1340 | D:1      | Reached skill level 1 in Evocations
  1384 | D:2      | Reached XP level 4. HP: 34/34 MP: 6/11
  2011 | D:3      | Reached skill level 1 in Conjurations
  2011 | D:3      | Reached skill level 1 in Hexes
  2011 | D:3      | Reached skill level 1 in Summonings
  2011 | D:3      | Reached skill level 1 in Necromancy
  2011 | D:3      | Reached skill level 1 in Translocations
  2011 | D:3      | Reached skill level 1 in Transmutations
  2011 | D:3      | Reached skill level 1 in Fire Magic
  2011 | D:3      | Reached skill level 1 in Ice Magic
  2011 | D:3      | Reached skill level 1 in Air Magic
  2011 | D:3      | Reached skill level 1 in Earth Magic
  2011 | D:3      | Reached skill level 1 in Poison Magic
  2199 | D:3      | Reached XP level 5. HP: 27/40 MP: 12/12
  2411 | D:3      | Found a sacrificial altar of Ru.
  2413 | D:3      | Found a snail-covered altar of Cheibriados.
  2433 | D:3      | Found a sparkling altar of Nemelex Xobeh.
  2434 | D:3      | Found a glowing silver altar of Zin.
  2434 | D:3      | Found a shimmering blue altar of Sif Muna.
  2434 | D:3      | Found a burning altar of Makhleb.
  2518 | D:3      | Noticed Terence
  2547 | D:3      | Killed Terence
  2782 | D:3      | Found a hazy altar of Hepliaklqana.
  3018 | D:3      | Became a worshipper of Cheibriados the Contemplative
  3103 | D:4      | Noticed an ogre
  3110 | D:4      | Killed an ogre
  3110 | D:4      | Reached XP level 6. HP: 45/47 MP: 13/13
  3533 | D:4      | Reached skill level 5 in Short Blades
  3533 | D:4      | Reached skill level 5 in Dodging
  3725 | D:4      | Reached * piety under Cheibriados
  3725 | D:4      | Reached XP level 7. HP: 35/52 MP: 15/15
  4532 | D:5      | Entered Level 5 of the Dungeon
  4853 | D:5      | Found a staircase to the Ecumenical Temple.
  4880 | Temple   | Entered the Ecumenical Temple
  5296 | D:5      | Reached XP level 8. HP: 60/60 MP: 16/16
  5926 | D:6      | Reached ** piety under Cheibriados
  6083 | D:6      | Noticed a hippogriff
  6090 | D:6      | Killed a hippogriff
  6118 | D:6      | Reached XP level 9. HP: 66/66 MP: 18/18
  6486 | D:6      | Noticed Pikel
  6497 | D:6      | Killed Pikel
  6497 | D:6      | Reached skill level 5 in Fighting
  6497 | D:6      | Reached skill level 5 in Throwing
  6863 | D:6      | Found Luloc's Magic Scroll Shop.
  6866 | D:6      | Bought a scroll of teleportation for 33 gold pieces
  6866 | D:6      | Bought a scroll of blinking for 82 gold pieces
  6866 | D:6      | Bought a scroll of summoning for 104 gold pieces
  6866 | D:6      | Bought a scroll of identify for 22 gold pieces
  6866 | D:6      | Bought a scroll of fog for 22 gold pieces
  6995 | D:7      | Reached skill level 5 in Stealth
  7089 | D:7      | Reached *** piety under Cheibriados
  7385 | D:7      | Got a faintly glowing robe
  7396 | D:7      | Identified the cursed +1 robe of the Demon Prince {rF++ rN+
                  | Str+9 Dex-4} (You found it on level 7 of the Dungeon)
  7425 | D:7      | Found a shattered altar of Ashenzari.
  7805 | D:8      | Reached skill level 5 in Invocations
  7898 | D:8      | Found a white marble altar of Elyvilon.
  7999 | D:8      | Noticed Harold
  8023 | D:8      | Killed Harold
  8023 | D:8      | Reached XP level 10. HP: 45/75 MP: 20/20
  8295 | D:7      | Reached skill level 5 in Long Blades
  8295 | D:7      | Reached skill level 5 in Axes
  8295 | D:7      | Reached skill level 5 in Maces & Flails
  8295 | D:7      | Reached skill level 5 in Polearms
  8295 | D:7      | Reached skill level 5 in Staves
  8295 | D:7      | Reached skill level 5 in Slings
  8295 | D:7      | Reached skill level 5 in Bows
  8295 | D:7      | Reached skill level 5 in Crossbows
  8295 | D:7      | Reached skill level 5 in Armour
  8295 | D:7      | Reached skill level 5 in Shields
  8295 | D:7      | Reached skill level 5 in Unarmed Combat
  8295 | D:7      | Reached skill level 5 in Evocations
  8580 | D:8      | Reached **** piety under Cheibriados
  8759 | D:8      | Found a staircase to the Lair.
  8973 | D:8      | Noticed Erica
  8983 | D:8      | Killed Erica
  9341 | D:8      | Noticed Maurice
  9347 | D:8      | Killed Maurice
  9826 | D:8      | Found a staircase to the Lair.
 10106 | D:8      | Found a white marble altar of Elyvilon.
 10257 | Lair:1   | Entered Level 1 of the Lair of Beasts
 10259 | Lair:1   | Reached skill level 5 in Charms
 10342 | Lair:1   | Noticed a spiny frog
 10348 | Lair:1   | Killed a spiny frog
 10464 | Lair:1   | You fall into a shaft and drop 1 floor!
 10507 | Lair:1   | Noticed a spiny frog
 10519 | Lair:1   | Killed a spiny frog
 10633 | Lair:1   | Reached XP level 11. HP: 74/82 MP: 22/22
 11468 | Lair:2   | Found a runed translucent gate.
 11469 | Lair:2   | Found a runed translucent gate.
 11475 | Lair:2   | Found a runed translucent gate.
 11704 | Lair:2   | Reached skill level 5 in Conjurations
 11704 | Lair:2   | Reached skill level 5 in Hexes
 11704 | Lair:2   | Reached skill level 5 in Summonings
 11704 | Lair:2   | Reached skill level 5 in Necromancy
 11704 | Lair:2   | Reached skill level 5 in Translocations
 11704 | Lair:2   | Reached skill level 5 in Transmutations
 11704 | Lair:2   | Reached skill level 5 in Fire Magic
 11704 | Lair:2   | Reached skill level 5 in Ice Magic
 11704 | Lair:2   | Reached skill level 5 in Air Magic
 11704 | Lair:2   | Reached skill level 5 in Earth Magic
 11704 | Lair:2   | Reached skill level 5 in Poison Magic
 12076 | Lair:2   | Noticed CrazyMind's ghost (journeyman SpEn)
 12474 | Lair:3   | Noticed a five-headed hydra
 12483 | Lair:3   | Killed a two-headed hydra
 13148 | Lair:3   | Reached ***** piety under Cheibriados
 13351 | Lair:3   | Found a hole to the Spider Nest.
 13536 | Lair:3   | Reached XP level 12. HP: 85/91 MP: 24/24
 13976 | Lair:4   | Noticed an eight-headed hydra
 13987 | Lair:4   | Killed a six-headed hydra
 14326 | Lair:4   | Noticed an eight-headed hydra
 14340 | Lair:4   | Killed a five-headed hydra
 14731 | Lair:4   | Noticed a seven-headed hydra
 14734 | Lair:4   | Killed a five-headed hydra
 15833 | Lair:4   | Found a staircase to the Shoals.
 16296 | Lair:5   | Got a heavily runed leather armour
 16307 | Lair:5   | Identified the cursed +0 leather armour of Xyh Uwit {rCorr
                  | Dex+3 Stlth-} (You found it on level 5 of the Lair of
                  | Beasts)
 17723 | Lair:5   | Found a staircase to the Slime Pits.
 17755 | Lair:6   | Entered Level 6 of the Lair of Beasts
 17755 | Lair:6   | Noticed Kirke
 17762 | Lair:5   | Reached XP level 13. HP: 98/98 MP: 26/26
 17999 | Lair:5   | Killed Kirke
 19452 | Lair:6   | HP: 1/99 [fire crab (4)]
 19452 | Lair:6   | Mangled by a fire crab

Levels and vault maps discovered:
D:1:      psy_arrival_whirlpool, layout_rooms
D:2:      layout_rooms, first_ration, serial_park_tiny_pond
D:3:      layout_rooms, grunt_temple_overflow_open,
          nicolae_overflow_crystal_walls, uniq_terence
D:4:      layout_loops_ring, minmay_misc_feat_rows, grunt_decor_fettered
D:5:      layout_loops_cross, minmay_temple_entry_water_ring
D:6:      layout_loops_ring, serial_shops, kennysheep_mini_moat,
          corexii_leaking_fountain, uniq_pikel
D:7:      layout_loops_ring, nicolae_ashenzari_panopticon
D:8:      layout_loops_ring, marbit_many_paths, erik_lair_orcish_takeover,
          uniq_harold, uniq_maurice, uniq_erica
Temple:   nicolae_temple_figure_eight
Lair:1:   layout_loops_ring
Lair:2:   layout_roguey, gammafunk_ghost_icy, serial_bayou_pond_a
Lair:3:   layout_regular_city, nicolae_spider_entry_tight_spaces,
          grunt_megastairs_3
Lair:4:   layout_cave_pods, minmay_shoals_entry_hut
Lair:5:   layout_cave_pods, minmay_slime_entry_oklob_enclosed,
          portal_ice_cave_rime, minmay_lair_oklob_bushes
Lair:6:   hangedman_lair_tendril_chambers, layout_regular_city, wormcave,
          uniq_kirke

Skill      XL: |  1  2  3  4  5  6  7  8  9 10 11 12 13 |
---------------+----------------------------------------+-----
Charms         | 2 3 4 5 6 7 |  7.2
Spellcasting   | 5 6 7 8 9 |  9.6
Invocations    | 1 2 3 4 5 6 7 8 9 |  9.0
Long Blades    | 1 2 3 4 5 6 7 8 |  8.2
Axes           | 1 2 3 4 5 6 7 8 |  8.2
Maces & Flails | 1 2 3 4 5 6 7 8 |  8.2
Polearms       | 1 2 3 4 5 6 7 8 |  8.2
Staves         | 1 2 3 4 5 6 7 8 |  8.2
Slings         | 1 2 3 4 5 6 7 8 |  8.2
Bows           | 1 2 3 4 5 6 7 8 |  8.2
Crossbows      | 1 2 3 4 5 6 7 8 |  8.2
Armour         | 1 2 3 4 5 6 7 8 |  8.2
Shields        | 1 2 3 4 5 6 7 8 |  8.2
Unarmed Combat | 1 2 3 4 5 6 7 8 |  8.2
Evocations     | 1 2 3 4 5 6 7 8 |  8.2
Conjurations   | 1 2 3 4 5 6 |  6.8
Hexes          | 1 2 3 4 5 6 |  6.8
Summonings     | 1 2 3 4 5 6 |  6.8
Necromancy     | 1 2 3 4 5 6 |  6.8
Translocations | 1 2 3 4 5 6 |  6.8
Transmutations | 1 2 3 4 5 6 |  6.8
Fire Magic     | 1 2 3 4 5 6 |  6.8
Ice Magic      | 1 2 3 4 5 6 |  6.8
Air Magic      | 1 2 3 4 5 6 |  6.8
Earth Magic    | 1 2 3 4 5 6 |  6.8
Poison Magic   | 1 2 3 4 5 6 |  6.8
Fighting       | 3 4 5 6 7 8 |  8.6
Throwing       | 3 4 5 6 7 8 |  8.6
Stealth        | 3 4 5 6 7 8 |  8.6
Short Blades   | 5 6 7 8 9 |  9.4
Dodging        | 5 6 7 8 9 |  9.4

Action                   |  1- 3 |  4- 6 |  7- 9 | 10-12 | 13-15 || total
-------------------------+-------+-------+-------+-------+-------++-------
Melee: Dagger            |    74 |    53 |       |       |       ||   127
       Bite              |    11 |    17 |    54 |    81 |    31 ||   194
       Morningstar       |       |    89 |   287 |    23 |       ||   399
       Punch             |       |     1 |     7 |    18 |     8 ||    34
       Scimitar          |       |       |       |   280 |    92 ||   372
Throw: Stone             |     1 |     1 |       |       |    34 ||    36
       Javelin           |       |    12 |    12 |       |       ||    24
       Dart              |       |     5 |       |       |       ||     5
 Cast: Sandblast         |    17 |    15 |       |       |       ||    32
Invok: Slouch            |       |       |       |     3 |       ||     3
Evoke: Wand              |       |       |     2 |    28 |     8 ||    38
       Lightning rod     |       |       |       |     7 |     2 ||     9
       Lamp of fire      |       |       |       |     1 |       ||     1
  Use: Scroll            |       |     3 |    10 |    13 |     1 ||    27
 Stab: Sleeping          |     2 |     6 |       |       |       ||     8
  Eat: Chunk             |     1 |     5 |     6 |     5 |     2 ||    19
       Ration            |       |     1 |       |     3 |       ||     4
Armor: Robe              |    12 |     5 |       |       |       ||    17
       Chain mail        |       |    38 |   162 |     9 |       ||   209
       Plate armour      |       |       |       |   165 |    53 ||   218
Dodge: Dodged            |    96 |    89 |   247 |   278 |   146 ||   856
       Deflected         |       |       |       |       |     2 ||     2
       Rpst.: Scimitar   |       |       |       |    62 |    50 ||   112
